[Event "GCT 9th Sinquefield Cup 2022"]
[White "Mamedyarov,Shakhriyar"]
[Black "So,Wesley"]
[Site "Saint Louis"]
[Round "1.1"]
[Annotator "TA"]
[Result "1/2-1/2"]
[Date "2022.09.02"]
[WhiteElo "2757"]
[BlackElo "2771"]
[PlyCount "130"]
[TimeControl "60"]

1. d4 Nf6 2. Nf3 e6 3. c4 d5 4. Nc3 c5 5. cxd5 cxd4 6. Qxd4 exd5 7. Bg5 Be7 8. e3 O-O {[%emt 0:0:9] The main line 8...0-0 scores better than 8...Nc6. D50:
Queen's Gambit Declined: Dutch-Peruvian Gambit.} 9. Rd1 (9. Be2 Nc6 10. Qd3 h6 11. Bh4 Qb6 12. O-O Rd8 13. Rfd1 Qxb2 14. Rab1 Qa3 15. Bxf6 Bxf6 16. Nxd5 Qxd3 17. Nxf6+ gxf6 18. Rxd3 Bf5 19. Rxd8+ Nxd8 20. Rb2 Rc8 21. h4 Rc1+ {½-½ (46) Mamedyarov,S (2759)-So,W (2776) Stavanger 2022} )Be6 10. Bd3 h6 11. Bh4 Nc6 12. Qa4 Qb6 13. Rd2 Rfd8 14. O-O Rac8 15. Rfd1 {[%emt 0:0:29] [#]} Kf8 $146 ({
Predecessor:} 15... Qb4 16. Qc2 d4 17. exd4 Bg4 18. Bf5 Bxf3 19. gxf3 Ra8 20. a3 Qb6 21. d5 Ne5 {1-0 (28) Bruzon Batista,L (2618)-Vazquez,G (2561) Dulles
2022} )16. Bb5 a6 17. Bxc6 Rxc6 18. Qd4 Rdc8 19. Qd3 g5 20. Bg3 Bb4 $1 21. Be5 Ne4 22. Rc2 Bxc3 23. Bxc3 Bf5 24. Bd4 ({Don't go
for} 24. Qxd5 $2 Rd6 25. Bg7+ Kg8 26. Rxc8+ Bxc8 27. Qxd6 Nxd6 $19 )(24. Ne5 $5 R6c7 25. Bd4 $14 (25. Qxd5 Nf6 $17 ))Qb5 25. Qa3+ Kg8 26. Rxc6 bxc6 27. Qe7 (27. b4 $11 {might be stronger.} )Be6 (27... Qe2 $15 28. Rf1 c5 )28. b4 $11 {[%emt 0:0:0] Threatens to win with Ne5.} a5 29. a3 axb4 (29... Qe2 $5 30. Rf1 g4 $11 )30. axb4 Qb8 (30... Qe2 $5 31. Rf1 g4 $11 )31. Be5 Re8 32. Bxb8 (32. Nd4 $5 )Rxe7 33. Nd4 Rb7 $132 {[%emt 0:2:39] Black has counterplay} 34. Be5 ({
Much worse is} 34. Nxc6 Bd7 35. Ne7+ Kf8 36. Nxd5 Rxb8 $17 )Bd7 35. f3 f6 36. fxe4 fxe5 {[%emt 0:0:1] Endgame KRB-KRN} 37. Nf3 Rxb4 38. exd5 cxd5 39. Rxd5 Bc6 40. Rxe5 Kf7 {[%emt 0:1:6] Inhibits Re6.} 41. Kf2 Rb2+ 42. Kg3 Re2 43. Rc5 Be4 44. Rc3 Kf6 45. Ra3 h5 46. h4 g4 47. Ra6+ Kg7 $1 48. Nd4 Rxg2+ 49. Kf4 Bd3 50. Rd6 {[%emt 0:0:0]
 [#] Ne6+ is the strong threat.} Rf2+ {[%emt 0:0:0] The
position is equal.} 51. Ke5 {[%emt 0:0:0] Hoping for Ne6+.} Kf7 52. e4 {[%emt 0:0:0] Black must now prevent Nf5.} g3 $1 53. Rd7+ Kg8 (53... Kg6 {leads to mate.} 54. Nf5 Rxf5+ 55. exf5+ Bxf5 56. Rd6+ Kf7 57. Kxf5 g2 58. Rd1 )54. Rd8+ Rf8 55. Rxf8+ Kxf8 {[%emt 0:0:0]
KB-KN} 56. Kf4 g2 57. Nf3 Ke7 (57... Be2 $5 58. Ng1 Bf1 $11 )58. Kg3 Bxe4 59. Kxg2 (59. Ng1 {keeps more tension.} Kf6 60. Ne2 Kf5 61. Nd4+ )Bxf3+ 60. Kxf3 {[%emt 0:0:5]
KP-KP} Kf7 61. Kf4 Kf6 62. Ke4 Ke6 63. Kf4 Kf6 64. Ke4 $1 Ke6 65. Kf4 Kf6 {[%emt 0:0:2] Weighted Error Value: White=0.04 (flawless)
/Black=0.03 (flawless)} 1/2-1/2

[Event "GCT 9th Sinquefield Cup 2022"]
[White "Dominguez Perez,Leinier"]
[Black "Vachier-Lagrave,Maxime"]
[Site "Saint Louis"]
[Round "1.2"]
[Annotator "TA"]
[Result "1/2-1/2"]
[Date "2022.09.02"]
[WhiteElo "2745"]
[BlackElo "2757"]
[PlyCount "143"]
[TimeControl "60"]

1. e4 c5 2. Nf3 d6 3. d4 cxd4 4. Nxd4 Nf6 5. Nc3 a6 6. Be3 e5 7. Nb3 Be6 8. f3 h5 9. Nd5 {[%emt 0:0:27] B90: Sicilian Najdorf: Unusual White
6th moves, 6 Be3 Ng4 and 6 Be3 e5.} Bxd5 10. exd5 Nbd7 11. Qd2 {[%emt 0:0:11] White has an edge.} g6 12. O-O-O Nb6 13. Kb1 Nbxd5 14. Bg5 {[%emt 0:0:10] Black must now
prevent Qxd5.} Be7 $1 15. a3 {[%emt 0:1:59] White
has compensation. 15.Bd3 is setting a new trend.} Qc7 16. g3 {[%emt 0:0:32]
 [#]} O-O-O $146 ({Predecessor:} 16... Rd8 17. Bd3 Nb6 18. Rhe1 d5 19. Qe2 Nbd7 20. c4 O-O 21. cxd5 Nxd5 22. Bh6 Rfe8 {
1-0 (67) Dominguez Perez,L (2753)-Deac,B (2671) Bucharest 2022} )17. Qf2 Kb8 18. Rd3 Nd7 19. Bd2 N5f6 20. Ba5 b6 21. Bd2 Rc8 22. Bg5 Nc5 (22... Ng8 $5 23. Be3 Qa7 $11 )23. Nxc5 dxc5 24. Rb3 Nd5 (24... Ka7 $11 )25. Bxe7 $14 Nxe7 26. Bxa6 Rcd8 27. Bc4 Nf5 {[%emt 0:3:32] [#]} 28. Bxf7 $1 Nd4 {[%emt 0:0:51]
 [#]} 29. Bxg6 {[%emt 0:0:9] Threatens to win with Re3.} Nxb3 30. cxb3 Rd4 31. Qe2 Rhd8 32. Be4 c4 33. bxc4 Qxc4 34. Qxc4 Rxc4 $11 {[%emt 0:0:3] Endgame KRR-KRB} 35. Rc1 Rc7 36. Rxc7 Kxc7 {[%emt 0:0:5] KR-KB} 37. Kc2 {[%emt 0:0:3] Prevents Rd1.} b5 38. b4 Rg8 39. Kb3 Kb6 40. a4 bxa4+ 41. Kxa4 Rd8 42. Bg6 Rd2 43. Bxh5 Rxh2 44. Bg6 Rh3 45. Be4 Rxg3 46. Kb3 Rg8 47. Kc4 Rd8 48. Bd3 Rd6 49. Be4 Rd4+ 50. Kc3 Kb5 51. Bd3+ Ka4 52. Bc2+ Ka3 $1 ({And not} 52... Kb5 53. Bd3+ Ka4 54. Bc2+ Ka3 55. b5 $17 )53. b5 Rb4 54. Bd3 Ka4 55. Kd2 $1 Ka5 $1 56. Ke3 Kb6 57. Be2 Kc5 58. Bd3 Rb3 59. Ke4 Kd6 60. Be2 Rb4+ 61. Ke3 Kd5 62. Bd3 Rb3 63. b6 $1 Kc6 (63... Kd6 $5 )64. Ke4 $1 Kd6 65. Ke3 $1 Kc6 (65... Rxb6 $5 66. f4 Rb3 67. fxe5+ Kxe5 $11 )66. Ke4 $1 {[%emt 0:0:7] The position is equal.} Kxb6 {[%emt 0:0:0] With the idea ...Kc6.} ({Don't play} 66... Kd6 $6 67. Ke3 $17 )(66... Kc5 {
with more complications.} 67. Bc2 Rb2 68. Bd3 Kd6 )67. Bf1 Rb1 68. Bh3 Re1+ 69. Kd5 Re3 70. Bf5 Rxf3 71. Kxe5 Rxf5+ 72. Kxf5 {[%emt 0:0:4]
Weighted Error Value: White=0.04 (flawless) /Black=0.04 (flawless)} 1/2-1/2

[Event "GCT 9th Sinquefield Cup 2022"]
[White "Firouzja,Alireza"]
[Black "Caruana,Fabiano"]
[Site "Saint Louis"]
[Round "1.3"]
[Annotator "TA"]
[Result "1/2-1/2"]
[Date "2022.09.02"]
[WhiteElo "2778"]
[BlackElo "2758"]
[PlyCount "68"]
[TimeControl "60"]

1. c4 c5 2. Nf3 Nf6 3. Nc3 Nc6 4. e3 e5 5. Qb3 {[%emt 0:2:35] [#]} d6 $146 ({
Predecessor:} 5... Be7 6. d3 O-O 7. Be2 d6 8. O-O {½-½ (8) Paschall,W (2354)
-Papp,T (2315) Budapest 2009} )6. d3 {[%emt 0:0:50] A34: Symmetrical English:
2 Nc3, lines with ...d5.} Be7 7. g3 O-O 8. Bg2 Nb4 9. Qd1 d5 10. Nxe5 dxc4 $1 11. dxc4 Qxd1+ 12. Kxd1 Ng4 13. Nxg4 Bxg4+ 14. Kd2 Rad8+ 15. Nd5 Be6 16. e4 f5 $1 $132 {[%emt 0:4:50] Black puts up resistance} 17. Bh3 Bf6 18. Ke2 Rfe8 19. Be3 Nc2 20. Rac1 ({Reject} 20. Nxf6+ gxf6 21. Rac1 Bxc4+ 22. Kf3 fxe4+ 23. Kf4 Nxe3 24. fxe3 Bxa2 $17 )(20. Rad1 {is interesting.} Nd4+ 21. Kf1 fxe4 22. Bxe6+ Nxe6 23. Kg2 )Nxe3 (20... Nd4+ {keeps more tension.} 21. Kf1 fxe4 22. Bxe6+ Rxe6 23. Kg2 Ra6 )21. fxe3 fxe4 22. Nxf6+ gxf6 {[%emt 0:0:5] The position is equal.} 23. Bxe6+ Rxe6 $11 {[%emt 0:0:4] Endgame KRR-KRR} 24. Rhd1 Red6 25. Rxd6 Rxd6 26. Rd1 Rxd1 27. Kxd1 {[%emt 0:0:2]
 KP-KP} Kf7 28. Ke2 Kg6 29. Kf2 {[%emt 0:0:25] [#] g4 is the strong threat.} Kg5 30. h3 f5 31. Kg2 Kh5 32. Kf2 Kg5 33. Kg2 Kh5 34. Kf2 Kg5 {[%emt 0:0:14]
 Weighted Error Value: White=0.04 (flawless) /Black=0.02 
(flawless)} 1/2-1/2

[Event "GCT 9th Sinquefield Cup 2022"]
[White "Carlsen,Magnus"]
[Black "Nepomniachtchi,Ian"]
[Site "Saint Louis"]
[Round "1.4"]
[Annotator "TA"]
[Result "1-0"]
[Date "2022.09.02"]
[WhiteElo "2861"]
[BlackElo "2792"]
[PlyCount "85"]
[TimeControl "60"]

1. d4 Nf6 2. c4 e6 3. Nf3 d5 4. cxd5 exd5 5. Nc3 c6 6. Bf4 Bf5 7. e3 Nbd7 {[%emt 0:0:20] D35: Queen's Gambit Declined: Exchange Variation.} 8. h3 Be7 9. g4 Be4 {[%emt 0:0:0] [#] The position is equal.} 10. Be2 $146 ({Predecessor:
} 10. Bg2 O-O 11. O-O Re8 12. Nxe4 Nxe4 13. Nd2 Nxd2 14. Qxd2 Nf8 15. b4 Ng6 16. Bg3 {0-1 (46) Anand,V (2788)-Carlsen,M (2801) Moscow 2009} )Qb6 11. Qb3 Qxb3 12. axb3 Bg6 13. Nh4 Bb4 14. Nxg6 hxg6 15. f3 {[%emt 0:1:12]
Against Ne4} Nf8 16. Kf2 Ne6 17. Bg3 Ke7 18. h4 a6 19. Kg2 Rad8 20. Bf2 Bd6 21. Bd3 Bb8 22. Na4 Bd6 23. Be1 c5 (23... Rde8 $11 )24. Nxc5 Nxc5 25. dxc5 Bxc5 26. Bd2 Rhe8 27. b4 Bb6 {[%emt 0:1:43] [#]} 28. b5 $1 a5 29. Bxa5 Bxa5 30. Rxa5 Kd6 31. Kf2 Re7 32. Rd1 Rh8 33. g5 Nd7 34. Ra4 Nc5 35. Rg4 {[%emt 0:0:20]
 And now Bc4 would win.} (35. Rb4 {looks sharper.} Rhe8 36. Bf1 Rxe3 37. Rbd4 )Kc7 {[%emt 0:4:28] [#]} (35... Nxd3+ $16 36. Rxd3 Rd7 )36. Bb1 $1 $18 Re5 (36... Rd8 {was called
for.} 37. Ba2 Kb6 )37. Ba2 f6 38. gxf6 (38. Rxd5 Rxd5 39. Bxd5 Kd6 $18 )(38. Bxd5 fxg5 39. b4 (39. hxg5 Rh2+ 40. Kg3 Rxb2 $16 )(39. Rxg5 Rxg5 40. b6+ Kxb6 $18 )Ne6 40. Bxe6 Rxe6 41. hxg5 Re5 42. Rc4+ Kb6 43. Rd6+ Kxb5 $18 )gxf6 39. Rxd5 ({Resist} 39. Rxg6 $6 Rxh4 40. f4 (40. Rxd5 Rxd5 41. Bxd5 Rh2+ 42. Kg3 Rxb2 $18 )Re7 41. Bxd5 (41. b6+ Kxb6 42. Bxd5 Nd7 $18 )Nd7 $18 )Rxd5 40. Bxd5 Nd3+ 41. Kg3 Ne5 42. Rf4 Rd8 (42... Nd7 $142 43. Bf7 g5 )43. b6+ {[%emt 0:0:0] Weighted Error Value: White=0.04 (flawless) /Black=0.20 (precise)} 1-0

[Event "GCT 9th Sinquefield Cup 2022"]
[White "Niemann,Hans Moke"]
[Black "Aronian,Levon"]
[Site "Saint Louis"]
[Round "1.5"]
[Annotator "TA"]
[Result "1/2-1/2"]
[Date "2022.09.02"]
[WhiteElo "2688"]
[BlackElo "2759"]
[PlyCount "100"]
[TimeControl "60"]

1. e4 e5 2. Nf3 Nc6 3. Bb5 Nf6 4. O-O Nxe4 5. Re1 Nd6 6. a4 {[%emt 0:0:40] C67: Ruy Lopez: Berlin Defence: 4 0-0 Nxe4.} a6 (6... Be7 $5 )7. Nxe5 Be7 8. Bf1 Nxe5 9. Rxe5 O-O 10. d4 {[%emt 0:3:52] [#]} Ne8 $146 ({
Predecessor:} 10... Bf6 11. Re1 Re8 12. c3 Rxe1 13. Qxe1 Qe8 14. Qxe8+ Nxe8 15. Bf4 d5 16. Bd3 Be6 {½-½ (35) Dovletov,H (2195)-Romanovskij,N (1869) Minsk
2022} )11. Nc3 Bf6 12. Re1 d5 13. a5 c6 14. Bf4 Bg5 15. Be5 Bf6 16. Qd2 Bxe5 17. Rxe5 Nf6 18. f3 Be6 19. Na4 Qd6 20. b4 Nd7 21. Re3 Rae8 22. Rae1 Re7 23. Bd3 Rfe8 24. R1e2 g6 25. c3 f6 26. Qe1 Kf7 27. Qh4 Nf8 28. Qh6 Bc8 29. Rxe7+ Rxe7 30. Rxe7+ Qxe7 31. Kf2 {[%emt 0:0:16] Inhibits Qe1+.} Qd6 32. g3 Kg8 33. Bf1 (33. Nb6 {
is more complex.} Be6 34. h4 Bh3 35. Na4 )Qc7 34. Nc5 Ne6 35. Nd3 Ng7 36. Qe3 Kf7 37. Qh6 (37. Nc5 {looks sharper.} g5 38. Bd3 h5 39. Kg2 )Kg8 38. Nc5 Ne6 39. Na4 ({White
should try} 39. Nxe6 $16 Bxe6 40. Bd3 )Ng7 (39... Nf8 $11 )40. Nb6 Be6 41. Qh4 g5 {[%emt 0:42:2] The position is equal.} 42. Qh6 Qf7 (42... Qe7 {with more complications.} 43. g4 Bf5 44. h4 Bg6 )43. g4 {[%emt 0:0:0]
 Prevents Nf5.} f5 44. Qxg5 {[%emt 0:0:0] [#]
Strongly threatening h3.} fxg4 45. Qd8+ Ne8 46. Be2 {[%emt 0:0:0] Active counter play!} Kf8 47. Qg5 Nd6 {[%emt 0:0:0] [#] Threatens to win with ...
Ne4+.} 48. Qd8+ Ne8 49. Qg5 Nd6 {[%emt 0:0:0] Hoping for ...Ne4+.} 50. Qd8+ Ne8 {[%emt 0:0:17]
 Weighted Error Value: White=0.09 (flawless) /Black=0.07 
(flawless)} 1/2-1/2